 Dungeon Crawl Stone Soup version 0.29.1-15-g9cfb28693d (webtiles) character file.

Game seed: 18312254076924080769

3383 BabyfaceFinlayson the Ogre Mage (level 10, 0/91 HPs)
             Began as an Ogre Fire Elementalist on Mar 16, 2023.
             Was a Follower of Sif Muna.
             Slain by a gnoll sergeant
             ... wielding a +0 antimagic spear
              (8 damage)
             ... on level 8 of the Dungeon.
             The game lasted 00:37:39 (11304 turns).

BabyfaceFinlayson the Ogre Mage (OgFE)             Turns: 11304, Time: 00:37:39

Health: 0/91       AC:  6    Str: 20    XL:     10   Next: 4%
Magic:  6/32       EV: 10    Int: 20    God:    Sif Muna [*.....]
Gold:   425        SH:  0    Dex:  9    Spells: 14/28 levels left

rFire   + . .      SeeInvis .   d - +11 morningstar of Shrieking Watchfulness {venom, Str+6}
rCold   x . .      Faith    .   (no shield)
rNeg    . . .      Spirit   .   a - +0 robe
rPois   .          Reflect  .   (helmet restricted)
rElec   .          Harm     .   B - +2 cloak
rCorr   .          Rampage  .   (gloves unavailable)
Will    ++...                   (boots unavailable)
Stlth   +.........              (no amulet)
HPRegen 0.25/turn               p - ring of magical power
MPRegen 0.23/turn               u - ring of fire

@: confused, brilliant, ambrosia-drunk, attractive, hasted, very quick
A: large, unfitting armour, tough skin 1, antennae 1, strong-willed 1, inability
to drink after injury 1
a: Renounce Religion, Channel Magic


You were on level 8 of the Dungeon.
You worshipped Sif Muna.
Sif Muna was aware of your devotion.
You visited 2 branches of the dungeon, and saw 9 of its levels.

You collected 425 gold pieces.

Inventory:

Hand Weapons
 d - the +11 morningstar of Shrieking Watchfulness (weapon) {venom, Str+6}
   (You found it on level 5 of the Dungeon)

   It poisons the flesh of those it strikes.
   Str:       It affects your strength (+6).
 i - a +4 whip of venom
Armour
 a - a +0 robe (worn)
 B - a +2 cloak (worn)
Jewellery
 c - a ring of protection from fire
 p - a ring of magical power (left hand)
 q - a ring of resist corrosion
 r - a +4 ring of evasion
 t - a ring of protection from cold
 u - a ring of fire (right hand)
 z - an amulet of magic regeneration
Wands
 k - a wand of flame (16)
 y - a wand of light (3)
 A - a wand of charming (9)
 C - a wand of roots (7)
Scrolls
 n - 2 scrolls of magic mapping
Potions
 b - 2 potions of resistance
 e - a potion of berserk rage {unknown}
 f - a potion of heal wounds
 g - 3 potions of flight
 h - 2 potions of lignification
 l - a potion of haste
 m - 2 potions of might {unknown}
 v - a potion of cancellation {unknown}
 w - 2 potions of attraction


   Skills:
 + Level 3.4 Fighting
 + Level 1.8 Maces & Flails
 + Level 2.7 Dodging
 + Level 2.5 Stealth
 + Level 9.8 Spellcasting
 + Level 2.7 Conjurations
 + Level 3.4 Hexes
 + Level 7.7 Fire Magic
 + Level 1.0 Evocations


You had 14 spell levels left.
You knew the following spells:

 Your Spells              Type           Power      Damage    Failure   Level
a - Foxfire               Conj/Fire      100%       2x1d9     1%          1
b - Scorch                Fire           100%       2d10      1%          2
c - Inner Flame           Hex/Fire       64%        N/A       2%          3
d - Flame Wave            Conj/Fire      62%        2d14      9%          4
e - Magic Dart            Conj           100%       1d8       2%          1
f - Mephitic Cloud        Conj/Pois/Air  20%        N/A       14%         3

Your spell library contained the following spells:

 Spells                   Type           Power      Damage    Failure   Level
 Conjure Flame            Conj/Fire      62%        6-21      2%          3
 Ignite Poison            Fire/Tmut/Pois 45%        N/A       8%          3
 Sticky Flame             Conj/Fire      62%        2d8       9%          4
 Call Imp                 Summ           14%        N/A       11%         2
 Poisonous Vapours        Pois/Air       28%        N/A       11%         2
 Corpse Rot               Necr/Pois/Air  14%        N/A       56%         4
 Olgreb's Toxic Radiance  Pois           14%        N/A       56%         4
 Ozocubu's Refrigeration  Ice            7%         4d9       100%        7
 Ignition                 Fire           37%        3d11      100%        8


Dungeon Overview and Level Annotations

Branches:
Dungeon (8/15)             Temple (1/1) D:4            Lair (0/5) D:8

Altars:
Elyvilon
Fedhas
Gozag
Hepliaklqana
Kikubaaqudgha
Makhleb
Nemelex Xobeh
Okawaru
Qazlal
Ru
Sif Muna
Vehumet
Wu Jian
Xom
Zin

Shops:
D:1 *

Annotations:
D:8 Prince Ribbit


Innate Abilities, Weirdness & Mutations

You are too large for most types of armour.
You have tough skin. (AC +1)
You have a pair of small antennae on your head.
You are strong-willed. (Will+)
You occasionally lose the ability to drink potions when taking damage.


Message History

The gnoll sergeant is attracted toward you.
Unknown command.
It was a potion of brilliance.
You feel clever all of a sudden. The gnoll hits you with a +0 whip.
* * * LOW HITPOINT WARNING * * *
The gnoll barely misses you. The gnoll hits you but does no damage.
The gnoll hits you from afar with a +0 halberd.
* * * LOW HITPOINT WARNING * * *
The gnoll is attracted toward you.
It was a potion of haste.
You feel yourself speed up. The gnoll hits you but does no damage.
The gnoll hits you with a +0 flail!
* * * LOW HITPOINT WARNING * * *
The gnoll hits you but does no damage. The gnoll barely misses you.
The gnoll hits you with a +0 spear.
* * * LOW HITPOINT WARNING * * *
The gnoll sergeant hits you but does no damage.
You feel much better.
It was a potion of mutation.
You feel extremely strange. A pair of antennae grows on your head!
You occasionally lose the ability to drink potions when taking damage.
You feel strong-willed. The gnoll hits you with a +0 flail.
The gnoll hits you with a +0 whip.
The gnoll hits you from afar with a +0 spear.
The gnoll hits you from afar with a +0 halberd!
* * * LOW HITPOINT WARNING * * *
The gnoll hits you with a +0 spear.
* * * LOW HITPOINT WARNING * * *
The gnoll sergeant closely misses you.
It was a potion of ambrosia.
You are confused.
You feel invigorated. The gnoll hits you with a +0 whip.
* * * LOW HITPOINT WARNING * * *
The gnoll barely misses you.
The gnoll hits you from afar with a +0 spear!
* * * LOW HITPOINT WARNING * * *
The gnoll barely misses you. The gnoll hits you with a +0 spear.
* * * LOW HITPOINT WARNING * * *
The gnoll sergeant hits you with a +0 antimagic spear!
You die...

##############
##..ggg##.....##
#...@gg........#
#....g........>..#
#................#
#...?............#
#...?............#
#..........).....#
#................#
##..............##


You could see a gnoll sergeant and 5 gnolls.

Vanquished Creatures
  Amaemon (D:8)
  An orange demon (D:7)
  Maggie (D:6)
  Sigmund (D:5)
  3 water moccasins
  A sky beast (D:7)
  2 black bears (D:7)
  An ice beast (D:4)
  A centaur (D:7)
  A phantom (D:5)
  A bullfrog (D:6)
  3 necrophages (D:5)
  3 scorpions
  4 wights (D:8)
  2 howler monkeys (D:7)
  2 hounds
  A gnoll bouda (D:7)
  An orc priest (D:4)
  Crazy Yiuf (D:6)
  An iguana (D:6)
  4 orc wizards
  9 gnolls
  7 adders
  A shadow imp (D:7)
  A white imp (D:6)
  An ufetubus (D:5)
  2 worms
  5 dart slugs
  18 orcs
  10 ball pythons
  9 endoplasms
  3 giant cockroaches (D:1)
  8 goblins
  5 hobgoblins
  11 jackals (D:1)
  11 kobolds
  5 quokkas
  7 bats
  2 frilled lizards (D:3)
  7 rats
158 creatures vanquished.

Vanquished Creatures (others)
  158 foxfires
  5 fungi (D:2)
  7 plants (D:2)
170 creatures vanquished.

Grand Total: 328 creatures vanquished

Notes
Turn   | Place    | Note
-------+----------+-------------------------------------------
     0 | D:1      | BabyfaceFinlayson the Ogre Fire Elementalist began the
                  | quest for the Orb.
     0 | D:1      | Reached XP level 1. HP: 16/16 MP: 3/3
   322 | D:1      | Found Eraes's General Store.
   335 | D:1      | Reached XP level 2. HP: 22/24 MP: 3/5
   624 | D:1      | Learned a level 2 spell: Scorch
   856 | D:1      | Reached skill level 1 in Conjurations
   860 | D:1      | Reached XP level 3. HP: 15/31 MP: 1/7
  1134 | D:1      | Reached skill level 3 in Spellcasting
  1956 | D:1      | Learned a level 3 spell: Inner Flame
  2346 | D:2      | Reached XP level 4. HP: 31/39 MP: 1/9
  2656 | D:2      | Found a faded altar of an unknown god.
  2962 | D:3      | Learned a level 1 spell: Magic Dart
  3737 | D:3      | Reached XP level 5. HP: 45/45 MP: 5/10
  4211 | D:3      | Reached skill level 4 in Spellcasting
  4440 | D:3      | Found a sacrificial altar of Ru.
  4520 | D:3      | Learned a level 4 spell: Flame Wave
  4585 | D:4      | Reached skill level 1 in Hexes
  4915 | D:4      | Reached XP level 6. HP: 54/54 MP: 1/12
  5052 | D:4      | Found a stormy altar of Qazlal.
  5314 | D:4      | Reached skill level 1 in Maces & Flails
  5612 | D:4      | Noticed an ice beast
  5617 | D:4      | Killed an ice beast
  6041 | D:4      | Found a staircase to the Ecumenical Temple.
  6051 | Temple   | Entered the Ecumenical Temple
  6215 | Temple   | Became a worshipper of Sif Muna the Loreminder
  6276 | D:4      | Found a hazy altar of Hepliaklqana.
  6832 | D:5      | Entered Level 5 of the Dungeon
  6844 | D:5      | Reached skill level 5 in Spellcasting
  6844 | D:5      | Reached XP level 7. HP: 55/61 MP: 1/14
  6864 | D:5      | HP: 3/61 [orc wizard/+0 dagger (1)]
  7025 | D:5      | Noticed Sigmund
  7029 | D:5      | Killed Sigmund
  7030 | D:5      | Reached skill level 1 in Fighting
  7562 | D:5      | Identified the +11 morningstar of Shrieking Watchfulness
                  | {venom, Str+6}
  7611 | D:5      | Reached skill level 6 in Spellcasting
  7611 | D:5      | Reached skill level 5 in Fire Magic
  7611 | D:5      | Reached skill level 1 in Evocations
  7611 | D:5      | Reached XP level 8. HP: 8/70 MP: 7/17
  8417 | D:5      | Learned a level 3 spell: Mephitic Cloud
  8632 | D:6      | Noticed Maggie
  8647 | D:6      | Killed Maggie
  8648 | D:6      | Reached skill level 7 in Spellcasting
  9064 | D:6      | Found an ancient bone altar of Kikubaaqudgha.
  9778 | D:6      | Found a runed translucent door.
  9779 | D:6      | Noticed Crazy Yiuf
  9785 | D:6      | Killed Crazy Yiuf
  9786 | D:6      | Reached XP level 9. HP: 81/81 MP: 20/20
  9932 | D:7      | Reached skill level 8 in Spellcasting
 10017 | D:7      | Reached * piety under Sif Muna
 10428 | D:7      | Found a glowing silver altar of Zin.
 10959 | D:8      | Noticed Amaemon
 10959 | D:8      | Noticed an orange demon
 10966 | D:7      | Killed an orange demon
 10967 | D:7      | Reached skill level 9 in Spellcasting
 11224 | D:8      | Found a staircase to the Lair.
 11278 | D:8      | Noticed Prince Ribbit
 11287 | D:8      | Killed Amaemon
 11288 | D:8      | Reached XP level 10. HP: 50/91 MP: 1/23
 11303 | D:8      | Gained mutation: You have a pair of small antennae on your
                  | head. [potion of mutation]
 11303 | D:8      | Gained mutation: You occasionally lose the ability to drink
                  | potions when taking damage. [potion of mutation]
 11303 | D:8      | Gained mutation: You are strong-willed. (Will+) [potion of
                  | mutation]
 11304 | D:8      | Slain by a gnoll sergeant

Illustrated notes

Levels and vault maps discovered:
D:1:      minmay_arrival_up_and_down, layout_loops_ring, serial_shops,
          nicolae_shop_crystal, minmay_tromino_v4_c
D:2:      layout_loops_ring, dreamdust_ecumenical_altar_grove
D:3:      layout_basic, nicolae_ru_path_of_blood, glass_columns_b
D:4:      layout_loops_ring, overflow_temple_1_default,
          worldfamousw_hep_ancestral_shrine, minmay_temple_entry_hall
D:5:      layout_basic, uniq_sigmund
D:6:      layout_gridville, mainiacjoe_overflow_paths, eino_tiny_chamber,
          uniq_maggie, uniq_crazy_yiuf_cottage
D:7:      layout_loops_ring, zin_treasury
D:8:      layout_rooms, dpeg_oklobed_lair, uniq_erica, uniq_gastronok,
          uniq_grum, uniq_prince_ribbit1, uniq_amaemon
Temple:   nicolae_temple_figure_eight

Skill      XL: |  1  2  3  4  5  6  7  8  9 |
---------------+----------------------------+-----
Dodging        | 2 |  2.7
Fire Magic     | 3 4 5 6 7 |  7.7
Conjurations   | 1 2 |  2.7
Spellcasting   | 3 4 5 6 7 9 |  9.8
Hexes          | 1 2 3 |  3.4
Maces & Flails | 1 |  1.8
Fighting       | 1 3 |  3.4
Stealth        | 2 |  2.5
Evocations     | 1 |  1.0

Action                   |  1- 3 |  4- 6 |  7- 9 | 10-12 || total
-------------------------+-------+-------+-------+-------++-------
Melee: Unarmed           |    11 |       |       |       ||    11
       Whip              |     5 |    41 |    17 |       ||    63
       Punch             |       |     1 |       |       ||     1
       Morningstar       |       |       |     3 |       ||     3
 Cast: Foxfire           |    64 |    24 |    13 |     1 ||   102
       Scorch            |     8 |    25 |    57 |       ||    90
       Inner Flame       |       |    21 |    32 |       ||    53
       Magic Dart        |       |    20 |    29 |       ||    49
Evoke: Wand              |       |     3 |     3 |       ||     6
  Use: Scroll            |     4 |     5 |     7 |     1 ||    17
       Potion            |     1 |       |     5 |     6 ||    12
Armor: Robe              |    60 |     7 |    13 |     6 ||    86
Dodge: Dodged            |    82 |    27 |    25 |     9 ||   143
